 Dungeon Crawl Stone Soup version 0.28.0-53-g5a82cb258f (webtiles) character file.

Game seed: 12223780813891995671

12 ILmort the Skirmisher (level 2, 25/25 HPs)
             Began as a Barachi Fighter on Aug 6, 2022.
             Quit the game on level 1 of the Dungeon.
             The game lasted 00:04:49 (874 turns).

ILmort the Skirmisher (Barachi Fighter)              Turns: 874, Time: 00:04:49

Health: 25/25      AC:  7    Str: 17    XL:     2   Next: 33%
Magic:  2/2        EV:  9    Int:  8    God:
Gold:   44         SH:  4    Dex: 11    Spells: 1/1 levels left

rFire   . . .      SeeInvis .   a - +0 long sword
rCold   . . .      Faith    .   c - +0 buckler
rNeg    . . .      Spirit   .   b - +0 scale mail
rPois   .          Reflect  .   (no helmet)
rElec   .          Harm     .   (no cloak)
rCorr   .          Rampage  .   (no gloves)
Will    .....                   (no boots)
Stlth   ..........              (no amulet)
HPRegen 0.08/turn               (no ring)
MPRegen 0.08/turn               (no ring)

@: slow
A: amphibious, slowness 1, strong legs 1, +LOS
a: Hop


You were on level 1 of the Dungeon.
You visited 1 branch of the dungeon, and saw 1 of its levels.

You collected 44 gold pieces.

Inventory:

Hand Weapons
 a - a +0 long sword (weapon)
Armour
 b - a +0 scale mail (worn)
 c - a +0 buckler (worn)
Scrolls
 e - a scroll of identify {unknown}
 f - a scroll of blinking {unknown}
 i - a scroll of enchant weapon {unknown}
Potions
 d - a potion of might
 g - a potion of flight {unknown}
 h - a potion of magic {unknown}


   Skills:
 + Level 3.9 Fighting
 + Level 2.7 Long Blades
 + Level 3.8 Armour
 + Level 3.5 Shields


You had one spell level left.
You didn't know any spells.
Your spell library was empty.

Dungeon Overview and Level Annotations

Branches:
Dungeon (1/15)

Altars:
Uskayaw


Innate Abilities, Weirdness & Mutations

You are amphibious.
You cover ground slowly.
You can hop short distances.
You have an extended range of vision and can be seen from far away.


Message History

Okay, then.
Really renounce your faith, foregoing its fabulous benefits?
Are you sure?
You have lost your religion!
Uskayaw does not appreciate desertion!
The golden eye pulsates ominously.
Found 13 gold pieces.
You now have 33 gold pieces (gained 13).
Found a viscous black potion.
h - a viscous black potion
i - a scroll labelled UTALIO XOMILOLL
Found a stone staircase leading down.
You now have 44 gold pieces (gained 11).
A bat comes into view.
You block the bat's attack. The bat closely misses you.
The bat hits you but does no damage. The bat hits you.
You block the bat's attack. The bat closely misses you.
The bat closely misses you. x2
You barely miss the bat. The bat hits you but does no damage. x2
The bat barely misses you. You block the bat's attack.
The bat hits you but does no damage.
You barely miss the bat. The bat closely misses you. The bat misses you.
The bat hits you but does no damage. You block the bat's attack.
You block the bat's attack.
You hit the bat.
You kill the bat!
You see here a bat corpse.
Key pressed, stopping explore.
The golden eye turns its gaze towards you.
The great orb of eyes turns its gaze towards you.
The shining eye turns its gaze towards you. x2
Found a stone staircase leading down.
Done exploring.
Done exploring.
Are you sure you want to abandon this character and quit the game? (Confirm with "yes".)

#.# #.#
#.# #.#
#.# #.#
#.# #.#
#.# #.#
#.# #.#
#.# #.#
#.# #.#
#.# #@#
#.# #.#
#.# #.#
#.# #.#
#.# ##.#
#.# #..#
#.###.##
#.##..#
#.##.##


There were no monsters in sight!

Vanquished Creatures
  2 bats (D:1)
  2 endoplasms (D:1)
  2 goblins (D:1)
  A ball python (D:1)
  3 frilled lizards (D:1)
  3 rats (D:1)
13 creatures vanquished.

Notes
Turn   | Place    | Note
-------+----------+-------------------------------------------
     0 | D:1      | ILmort the Barachi Fighter began the quest for the Orb.
     0 | D:1      | Reached XP level 1. HP: 18/18 MP: 1/1
   413 | D:1      | Reached XP level 2. HP: 23/25 MP: 2/2
   515 | D:1      | Noticed a shining eye
   521 | D:1      | Found a faded altar of an unknown god.
   524 | D:1      | Noticed a great orb of eyes
   525 | D:1      | Noticed a golden eye
   526 | D:1      | Noticed a shining eye
   536 | D:1      | Prayed at the altar of an unknown god.
   536 | D:1      | Became a worshipper of Uskayaw the Reveller
   536 | D:1      | Reached * piety under Uskayaw
   543 | D:1      | Fell from the grace of Uskayaw
   874 | D:1      | Quit the game

Illustrated notes

Levels and vault maps discovered:
D:1:      matt_arrival_diagonals, layout_basic,
          hellmonk_ecumenical_altar_watching_god, minmay_pentomino_z2

Action                   || total
-------------------------++-------
Melee: Long sword        ||    34
Invok: Renounce Religion ||     1
 Abil: Hop               ||     1
Armor: Scale mail        ||    26
Dodge: Dodged            ||    20
Block: Buckler           ||    12
